 Dungeon Crawl Stone Soup version 0.22-a0-570-g58866f5 (webtiles) character file.

6888 kae the Arsonist (level 11, -11/67 HPs)
             Began as a Tengu Fire Elementalist on June 30, 2018.
             Was a Priest of Vehumet.
             Mangled by a three-headed hydra (17 damage)
             ... on level 8 of the Dungeon.
             The game lasted 00:18:01 (12590 turns).

kae the Arsonist (Tengu Fire Elementalist)         Turns: 12590, Time: 00:18:02

Health: -11/67     AC:  6    Str: 10    XL:     11   Next: 6%
Magic:  11/21      EV: 12    Int: 18    God:    Vehumet [***...]
Gold:   343        SH:  5    Dex: 14    Spells: 5/22 levels left

rFire    . . .     SeeInvis +   f - +2 spear
rCold    + . .     Gourm    .   G - +0 buckler
rNeg     . . .     Faith    .   s - +0 robe of Mental Paralysis {Regen+} (curse)
rPois    .         Spirit   .   r - +1 hat
rElec    .         Reflect  .   (no cloak)
rCorr    .         Harm     .   k - +1 pair of gloves
MR       .....                  (boots unavailable)
Stlth    ++........             o - amulet of rage
HPRegen  0.61/turn              y - ring of protection from cold
MPRegen  0.17/turn              A - ring of see invisible

@: no status effects
A: beak, talons 3, able to fly 1
a: Fly, Renounce Religion, Evoke Berserk Rage


You were on level 8 of the Dungeon.
You worshipped Vehumet.
Vehumet was most pleased with you.
You were not hungry.

You visited 2 branches of the dungeon, and saw 9 of its levels.
You also visited: Sewer and Ossuary.

You collected 537 gold pieces.
You spent 194 gold pieces at shops.

Inventory:

Hand Weapons
 f - a +2 spear (weapon)
Armour
 a - a +0 robe
 k - a +1 pair of gloves (worn)
 r - a +1 hat (worn)
 s - the cursed +0 robe of Mental Paralysis (worn) {Regen+}
   (You bought it in a shop on level 8 of the Dungeon)

   It increases your rate of regeneration.
   It has a curse placed upon it.
 G - a +0 buckler (worn)
Jewellery
 h - an uncursed ring of protection from cold
 o - an amulet of rage (around neck)
 y - a ring of protection from cold (left hand)
 A - a ring of see invisible (right hand)
 B - an uncursed ring of flight
Wands
 b - a wand of scattershot (7)
 D - a wand of acid (9)
 I - a wand of iceblast (10)
Scrolls
 d - 6 scrolls of teleportation
 i - 4 scrolls of enchant armour
 u - 3 scrolls of remove curse
 x - 2 scrolls of magic mapping
 z - 2 scrolls of amnesia
 C - 3 scrolls of fog
 E - 2 scrolls of identify
Potions
 e - 4 potions of ambrosia
 g - 2 potions of flight
 j - 3 potions of brilliance
 l - a potion of cancellation
 m - 5 potions of heal wounds
 n - 5 potions of curing
 p - 3 potions of berserk rage
 q - a potion of lignification
 t - a potion of might
 v - a potion of degeneration
 w - a potion of agility
 F - a potion of invisibility
Comestibles
 c - 13 rations
 H - 3 chunks of flesh


   Skills:
 + Level 7.0 Fighting
 + Level 7.6 Armour
 - Level 2.1 Dodging
 - Level 2.0 Stealth
 - Level 4.2 Shields
 - Level 6.1 Spellcasting
 - Level 8.1 Conjurations
 - Level 10.1 Fire Magic


You had 5 spell levels left.
You knew the following spells:

 Your Spells              Type           Power        Failure   Level  Hunger
a - Flame Tongue          Conj/Fire      #####        1%          1    None
b - Throw Flame           Conj/Fire      #####.       1%          2    None
c - Conjure Flame         Conj/Fire      #####...     1%          3    ##.....
d - Sticky Flame          Conj/Fire      #####...     1%          4    ####...
e - Fireball              Conj/Fire      #####.....   2%          5    #####..
f - Searing Ray           Conj           ####..       1%          2    None

Your spell library contained the following spells:

 Spells                   Type           Power        Failure   Level  Hunger
 Apportation              Tloc           #.....       12%         1    None
 Summon Small Mammal      Summ           #...         12%         1    None
 Animate Skeleton         Necr           N/A          12%         1    None
 Confusing Touch          Hex            #.....       12%         1    None
 Inner Flame              Hex/Fire       ###.....     1%          3    ##.....


Dungeon Overview and Level Annotations

Branches:
Dungeon (8/15)             Temple (1/1) D:6            Lair (0/6) D:8

Altars:
Ashenzari
Cheibriados
Dithmenos
Elyvilon
Fedhas
Gozag
Hepliaklqana
Kikubaaqudgha
Nemelex Xobeh
Okawaru
Qazlal
Ru
Sif Muna
Trog
Uskayaw
Vehumet
Wu Jian
Xom
Yredelemnul
Zin
The Shining One

Shops:
D:8 *


Innate Abilities, Weirdness & Mutations

You have a beak for a mouth.
You have claws for feet.
You can fly.


Message History

You enter the shallow water.
Moving in this stuff is going to be slow.
The three-headed hydra burns!
The three-headed hydra burns!
The flames covering the three-headed hydra go out.
The three-headed hydra stops burning.
The three-headed hydra bites you. The three-headed hydra bites you! x2
* * * LOW HITPOINT WARNING * * *
Casting: Sticky Flame (safe; 1% risk of failure)
Confirm with . or Enter, or press ? or * to list all spells.
Aiming: Sticky Flame (safe; 1% risk of failure)
Press: ? - help, Shift-Dir - straight line, f/p - three-headed hydra
Aim: a three-headed hydra (heavily wounded)
The sticky flame hits the three-headed hydra.
The three-headed hydra is severely wounded.
The three-headed hydra is covered in liquid flames!
The three-headed hydra burns!
The three-headed hydra bites you!
* * * LOW HITPOINT WARNING * * *
The three-headed hydra misses you. The three-headed hydra bites you!
You die...

#######.....# #.....#
.....##.....#+###'''##
.....##.....#.≈P.....#
.....##.....#P≈≈..P..#
.....###....#≈)P.....###### ####
.....###÷...#P≈......##...# #...
.......)....#PP≈.≈.≈.#....# #...
.....##.....#####D####....# #...
.....##.....)...@......#### #...
.....##............###...# #...
.....##..........#####...#####...
#...............#................
...##....................#####...
.####.###..#.......##....# #...
.##................##...## #...
.#.................#..########.##
.....###..#...........##.))..).#


You could see a three-headed hydra (burning).

Vanquished Creatures
  A two-headed ogre (D:8)
  Pikel (D:6)
  2 dream sheep (D:8)
  Grinder (D:6)
  2 yaks (D:8)
  Menkaure (D:4)
  2 slaves (D:6)
  2 phantoms
  An orc warrior (D:6)
  A sky beast (D:7)
  2 black bears (D:7)
  10 ogres
  5 centaurs
  An elf zombie (Ossuary)
  3 big kobolds
  10 bullfrogs
  A wyvern skeleton (D:8)
  4 scorpions
  5 wights (D:8)
  2 crimson imps (D:5)
  A bullfrog zombie (D:7)
  3 hounds
  2 jellies
  2 human zombies (Ossuary)
  2 orc priests
  A centaur skeleton (D:5)
  A gnoll shaman (D:7)
  A bullfrog skeleton (D:6)
  10 orc wizards
  4 iguanas
  10 worker ants
  2 big kobold zombies (Ossuary)
  2 hound zombies
  4 mummies (Ossuary)
  2 hound skeletons
  11 gnolls
  A worker ant zombie (D:7)
  16 adders
  A river rat (D:3)
  2 shadow imps
  5 oozes
  2 adder skeletons
  8 worms
  6 dart slugs
  6 leopard geckos
  31 orcs
  4 ball pythons
  9 bats
  9 giant cockroaches
  9 goblins
  7 hobgoblins
  10 jackals
  30 kobolds
  5 quokkas
  9 frilled lizards
  A gnoll zombie (Ossuary)
  A goblin zombie (Ossuary)
  A hobgoblin zombie (Ossuary)
  A jackal zombie (Ossuary)
  A leopard gecko skeleton (D:7)
  A leopard gecko zombie (D:5)
  An orc zombie (Ossuary)
  A quokka skeleton (D:4)
  A quokka zombie (D:6)
  12 rats
  2 rat zombies (Ossuary)
308 creatures vanquished.

Notes
Turn   | Place    | Note
-------+----------+-------------------------------------------
     0 | D:1      | kae the Tengu Fire Elementalist began the quest for the Orb.
     0 | D:1      | Reached XP level 1. HP: 10/10 MP: 4/4
    75 | D:1      | Reached XP level 2. HP: 15/15 MP: 0/6
   330 | D:1      | Reached skill level 4 in Fire Magic
   330 | D:1      | Reached XP level 3. HP: 19/19 MP: 0/7
   352 | D:1      | Learned a level 2 spell: Throw Flame
   356 | D:1      | Learned a level 3 spell: Conjure Flame
  1535 | D:2      | Reached XP level 4. HP: 24/24 MP: 8/8
  2186 | D:2      | Noticed an ogre
  2197 | D:2      | Killed an ogre
  2197 | D:2      | Reached skill level 5 in Fire Magic
  2197 | D:2      | Gained mutation: You can fly. [Tengu growth]
  2197 | D:2      | Reached XP level 5. HP: 28/28 MP: 1/10
  2299 | D:2      | Found a glowing golden altar of the Shining One.
  2641 | D:2      | Found an opulent altar of Gozag.
  3007 | D:3      | Reached XP level 6. HP: 31/32 MP: 3/11
  3206 | D:3      | Reached skill level 6 in Fire Magic
  3259 | D:3      | Found a glowing drain.
  3273 | Sewer    | Entered a sewer
  4110 | D:3      | Reached XP level 7. HP: 31/36 MP: 1/13
  4487 | D:3      | Found a sparkling altar of Nemelex Xobeh.
  4897 | D:4      | Learned a level 4 spell: Sticky Flame
  5132 | D:4      | Reached skill level 5 in Conjurations
  5591 | D:4      | Noticed Menkaure
  5596 | D:4      | Killed Menkaure
  5596 | D:4      | Reached skill level 7 in Fire Magic
  5844 | D:4      | Reached XP level 8. HP: 41/41 MP: 7/15
  6193 | D:5      | Entered Level 5 of the Dungeon
  6587 | D:5      | Reached skill level 8 in Fire Magic
  7346 | D:5      | Reached skill level 5 in Spellcasting
  7608 | D:6      | Noticed Pikel
  7645 | D:6      | Reached skill level 9 in Fire Magic
  7754 | D:6      | Reached XP level 9. HP: 25/45 MP: 3/18
  8477 | D:6      | Noticed Grinder
  8763 | D:6      | Reached skill level 10 in Fire Magic
  8843 | D:6      | Found a staircase to the Ecumenical Temple.
  8901 | Temple   | Entered the Ecumenical Temple
  9236 | D:6      | Learned a level 5 spell: Fireball
  9281 | D:6      | Found a shimmering altar of Xom.
  9281 | D:6      | Found an opulent altar of Gozag.
  9334 | D:6      | Found a stormy altar of Qazlal.
  9375 | D:6      | Paralysed by Grinder for 6 turns
  9382 | D:6      | Killed Grinder
  9382 | D:6      | Reached skill level 1 in Fighting
  9382 | D:6      | Reached skill level 1 in Armour
  9570 | D:6      | Killed Pikel
  9654 | D:6      | Found an ancient bone altar of Kikubaaqudgha.
  9654 | D:6      | Found a radiant altar of Vehumet.
  9713 | D:6      | Found a deep blue altar of Sif Muna.
  9725 | D:6      | Became a worshipper of Vehumet
  9757 | D:7      | Found a white marble altar of Elyvilon.
  9762 | D:7      | Reached XP level 10. HP: 56/56 MP: 16/20
  9950 | D:7      | Reached skill level 5 in Armour
 10098 | D:7      | Found a sand-covered staircase.
 10107 | D:7      | Reached * piety under Vehumet
 10107 | D:7      | Offered knowledge of Shock by Vehumet.
 10150 | Ossuary  | Entered an ossuary
 10201 | Ossuary  | Reached skill level 5 in Fighting
 11036 | D:7      | Reached skill level 1 in Shields
 11089 | D:7      | Found an iron altar of Okawaru.
 11108 | D:7      | Found a shadowy altar of Dithmenos.
 11133 | D:7      | Reached ** piety under Vehumet
 11133 | D:7      | Offered knowledge of Freeze by Vehumet.
 11286 | D:8      | Found Roezekos's Assorted Antiques.
 11572 | D:8      | Bought a tattered robe for 165 gold pieces
 11572 | D:8      | Bought a scroll labeled SULLAR ROSHE for 29 gold pieces
 11603 | D:8      | Identified the cursed +0 robe of Mental Paralysis {Regen+} (You bought it in a shop on level 8 of the Dungeon)
 11688 | D:8      | Found a staircase to the Lair.
 12176 | D:8      | Offered knowledge of Searing Ray by Vehumet.
 12282 | D:8      | Learned a level 2 spell: Searing Ray
 12372 | D:8      | Noticed a two-headed ogre
 12378 | D:8      | Killed a two-headed ogre
 12378 | D:8      | Reached XP level 11. HP: 66/66 MP: 7/21
 12494 | D:8      | Reached *** piety under Vehumet
 12575 | D:8      | Noticed a three-headed hydra
 12590 | D:8      | Mangled by a three-headed hydra

Vault maps used:
D:1:      evilmike_arrival_fibonacci_small
D:2:      kb_forest_paths, lemuel_doored_altar, first_ration,
          minmay_item_behind_shaft, nicolae_gozag_seed_capital
D:3:      cheibrodos_thug_alley, nemelex_xobeh_ov_fountains_minmay,
          gup_sewer_entry_spiral
D:4:      minmay_fountain_box, uniq_menkaure
D:6:      palyth_temple_overflow_mages, amethyst_overflow_temple_binary,
          grunt_qazlal_clouds, minmay_temple_entry_statues, uniq_pikel,
          uniq_grinder
D:7:      nicolae_dithmenos_shadow_blocks, elyvilon_altar_1,
          okawaru_altar_gauntlet_db, enter_ossuary_2
D:8:      lair_entry_dummy, serial_shops, shop, hangedman_ranch
Temple:   dpeg_chambers_temple
Sewer:    kennysheep_pipe_town
Ossuary:  ossuary_minmay_tomb_2a

Skill      XL: |  1  2  3  4  5  6  7  8  9 10 11 |
---------------+----------------------------------+-----
Conjurations   | 2 3 4 5 7 8 |  8.1
Fire Magic     | 4 5 6 7 9 10 | 10.1
Spellcasting   | 3 4 5 6 |  6.1
Fighting       | 3 6 7 |  7.0
Armour         | 4 7 |  7.6
Shields        | 4 |  4.2
Dodging        | |  2.1
Stealth        | |  2.0

Action                   |  1- 3 |  4- 6 |  7- 9 | 10-12 || total
-------------------------+-------+-------+-------+-------++-------
Melee: Unarmed           |     6 |       |       |       ||     6
       Kick              |     5 |     9 |    10 |    12 ||    36
       Spear             |    26 |    51 |    58 |    43 ||   178
       Peck              |     5 |     2 |     5 |     4 ||    16
 Cast: Flame Tongue      |    38 |   126 |   243 |   248 ||   655
       Throw Flame       |       |    10 |    18 |    24 ||    52
       Conjure Flame     |       |     4 |    13 |     5 ||    22
       Sticky Flame      |       |       |    14 |     5 ||    19
       Fireball          |       |       |       |     1 ||     1
 Abil: Fly               |       |     2 |       |       ||     2
  Use: Scroll            |       |    12 |    11 |     3 ||    26
       Potion            |       |     2 |       |     3 ||     5
 Stab: Sleeping          |       |     1 |       |       ||     1
  Eat: Chunk             |     2 |    10 |    17 |     7 ||    36
       Ration            |       |       |     1 |     1 ||     2
Armor: Robe              |     7 |    18 |    26 |    23 ||    74
Dodge: Dodged            |    25 |    62 |    67 |    54 ||   208
Block: Buckler           |       |       |       |    12 ||    12

Table legend:
 A = Spawn XP
 B = Non-spawn XP
 C = Spawn XP percentage of total XP
 D = Spawn monster count
 E = Non-spawn monster count
 F = Spawn count percentage of total count
 G = Total turns spent on level
                    A         B        C        D         E        F      G
               +---------+---------+-------+---------+---------+-------+---------
         Total |       0 |    9840 |   0.0 |       0 |     306 |   0.0 | 12590
               +---------+---------+-------+---------+---------+-------+---------
           D:1 |       0 |      54 |   0.0 |       0 |      23 |   0.0 |  1081
           D:2 |       0 |     202 |   0.0 |       0 |      29 |   0.0 |  1748
           D:3 |       0 |     392 |   0.0 |       0 |      56 |   0.0 |  1437
           D:4 |       0 |     627 |   0.0 |       0 |      20 |   0.0 |  1370
           D:5 |       0 |     684 |   0.0 |       0 |      20 |   0.0 |  1726
           D:6 |       0 |    2590 |   0.0 |       0 |      38 |   0.0 |  1651
           D:7 |       0 |    1517 |   0.0 |       0 |      41 |   0.0 |   987
           D:8 |       0 |    3423 |   0.0 |       0 |      39 |   0.0 |  1304
         Sewer |       0 |      35 |   0.0 |       0 |      24 |   0.0 |   557
       Ossuary |       0 |     316 |   0.0 |       0 |      16 |   0.0 |   524
               +---------+---------+-------+---------+---------+-------+---------
